 Dungeon Crawl Stone Soup version 0.29-a0-632-g781b4ac09e (webtiles) character file.

Game seed: 12837859226805189894

231 Glokmah the Caller (level 6, -6/36 (41) HPs)
             Began as a Human Summoner on June 19, 2022.
             Was an Initiate of Hepliaklqana.
             Mangled by a wight
             ... wielding a +2 battleaxe
              (15 damage)
             ... on level 6 of the Dungeon.
             The game lasted 00:12:33 (5481 turns).

Glokmah the Caller (Human Summoner)                 Turns: 5481, Time: 00:12:34

HP:   -6/36 (41)    AC:  6    Str: 16    XL:     6   Next: 24%
MP:   6/9           EV: 12    Int: 15    God:    Hepliaklqana [......]
Gold: 252           SH:  0    Dex: 23    Spells: 0/9 levels left

rFire   x . .      SeeInvis .   a - +6 hunting sling of the Five Geomancers {vorpal, Dex+5}
rCold   + . .      Faith    .   (no shield)
rNeg    . . .      Spirit   .   D - +0 leather armour
rPois   +          Reflect  .   (no helmet)
rElec   .          Harm     .   (no cloak)
rCorr   .          Rampage  .   j - +1 pair of gloves
Will    .....                   n - +0 pair of boots
Stlth   ++........              (no amulet)
HPRegen 0.12/turn               z - ring "Yqeiqiy" {Ice Str+6 Dex+4}
MPRegen 0.11/turn               y - ring of poison resistance

@: heavily drained
A: no striking features
a: Renounce Religion


You were on level 6 of the Dungeon.
You worshipped Hepliaklqana.
Hepliaklqana was noncommittal.
You visited 2 branches of the dungeon, and saw 7 of its levels.

You collected 252 gold pieces.

Inventory:

Hand Weapons
 a - the +6 hunting sling of the Five Geomancers (weapon) {vorpal, Dex+5}
   (You found it on level 2 of the Dungeon)

   Any ammunition fired from it inflicts extra damage upon your enemies.
   Dex:       It affects your dexterity (+5).
 v - a +2 whip of protection
Missiles
 d - 3 curare-tipped darts
 e - 51 stones
 x - 5 poisoned darts
Armour
 j - a +1 pair of gloves (worn)
 n - a +0 pair of boots (worn)
 s - a +0 robe
 D - a +0 leather armour (worn)
Magical Staves
 c - a staff of earth
Jewellery
 i - a ring of flight
 y - a ring of poison resistance (right hand)
 z - the ring "Yqeiqiy" (left hand) {Ice Str+6 Dex+4}
   (You found it on level 3 of the Dungeon)

   [ring of ice]

   It enhances your ice magic.
   Str:       It affects your strength (+6).
   Dex:       It affects your dexterity (+4).
   rF:        It makes you vulnerable to fire.
   rC:        It protects you from cold.
Wands
 p - a wand of flame (18)
Scrolls
 f - 3 scrolls of immolation
 g - a scroll of silence {unknown}
 l - a scroll of enchant armour
 o - a scroll of identify
 E - a scroll of teleportation
Potions
 b - a potion of magic
 h - 2 potions of attraction
 k - 2 potions of flight {unknown}
 m - 3 potions of curing
 q - 2 potions of degeneration {unknown}
 r - a potion of brilliance {unknown}
 w - a potion of berserk rage {unknown}
 A - a potion of mutation {unknown}


   Skills:
 * Level 3.5 Slings
 - Level 2.0 Dodging
 - Level 2.0 Stealth
 - Level 2.0 Spellcasting
 - Level 5.9 Summonings


You couldn't memorise any spells.
You knew the following spells:

 Your Spells              Type           Power      Damage    Failure   Level
a - Call Imp              Summ           19%        N/A       3%          2
b - Call Canine Familiar  Summ           19%        N/A       7%          3
c - Summon Lightning Spi  Summ/Air       10%        N/A       63%         4

Your spell library contained the following spells:

 Spells                   Type           Power      Damage    Failure   Level
 Summon Small Mammal      Summ           76%        N/A       2%          1
 Summon Guardian Golem    Hex/Summ       10%        N/A       24%         3
 Magic Dart               Conj           4%         1d3       26%         1
 Mephitic Cloud           Conj/Pois/Air  1%         N/A       63%         3


Dungeon Overview and Level Annotations

Branches:
Dungeon (6/15)             Temple (1/1) D:5

Altars:
Ashenzari
Cheibriados
Dithmenos
Elyvilon
Fedhas
Gozag
Hepliaklqana
Kikubaaqudgha
Makhleb
Nemelex Xobeh
Okawaru
Qazlal
Ru
Sif Muna
Trog
Uskayaw
Vehumet
Wu Jian
Xom
Yredelemnul
Zin

Shops:
D:5 :

Annotations:
D:4 2 transporters, Glokmah's ghost, amateur BaFE


Message History

Aim: a wight, wielding a +2 spear and wearing a +0 robe (moderately damaged, 68% to hit)
You shoot a sling bullet.
The sling bullet hits the wight but does no damage.
The wight is moderately damaged.
Fire: a) +6 hunting sling of the Five Geomancers {vorpal, Dex+5}
Press: ? - help, Q - select action, (/) - cycle Shift-Dir - straight line, f/p - wight
Aim: a wight, wielding a +2 spear and wearing a +0 robe (moderately damaged, 68% to hit)
You shoot a sling bullet. The sling bullet hits the wight.
The wight is heavily damaged.
The wight hits you from afar with a +2 spear!
You feel drained.
The wight hits you from afar with a +2 spear.
You feel drained.
Fire: a) +6 hunting sling of the Five Geomancers {vorpal, Dex+5}
Press: ? - help, Q - select action, (/) - cycle Shift-Dir - straight line, f/p - wight
Aim: a wight, wielding a +2 spear and wearing a +0 robe (heavily damaged, 68% to hit)
You shoot a sling bullet. The sling bullet hits the wight.
The wight is severely damaged.
The wight misses you.
Fire: a) +6 hunting sling of the Five Geomancers {vorpal, Dex+5}
Press: ? - help, Q - select action, (/) - cycle Shift-Dir - straight line, f/p - wight
Aim: a wight, wielding a +2 spear and wearing a +0 robe (severely damaged, 68% to hit)
You shoot a sling bullet.
The sling bullet closely misses the wight.
The wight hits you from afar with a +2 spear.
You feel drained.
Casting: Call Canine Familiar (dangerous; 7% risk of failure)
Confirm with . or Enter, or press ? or * to list all spells.
The spell is potentially lethal to miscast (63% risk of failure)!
Continue anyway?
Okay, then.
Casting: Summon Lightning Spire (potentially lethal; 63% risk of failure)
Confirm with . or Enter, or press ? or * to list all spells.
The wight hits you from afar with a +2 spear!
The wight hits you with a +2 battleaxe.
* * * LOW HITPOINT WARNING * * *
You feel drained.
* * * LOW HITPOINT WARNING * * *
The wight barely misses your hound. The lemure closely misses you.
The wight hits you with a +2 battleaxe!
You die...

# ##.... .#.
#...... ....
....... #..#
.......
#...###.......
#..z#........
##........?...
#....z@5.#
#...#h....# .
#......#
#........
#..)#>.....
...##......
#..# ..###.
... ...


You could see a lemure, 2 wights and a friendly hound (summoned).

Vanquished Creatures
  A phantom (D:5)
  A hound (D:5)
  3 adders
  3 worms
  3 dart slugs
  4 orcs (D:3)
  6 bats
  6 endoplasms
  2 giant cockroaches (D:2)
  5 goblins
  7 hobgoblins
  3 jackals
  2 quokkas
  5 ball pythons
  A frilled lizard (D:2)
  7 kobolds
59 creatures vanquished.

Vanquished Creatures (collateral kills)
  An orc (D:3)
  2 endoplasms (D:1)
  2 giant cockroaches (D:1)
  3 goblins (D:1)
  A ball python (D:1)
  A bat (D:1)
  A frilled lizard (D:1)
  4 kobolds
  3 rats
18 creatures vanquished.

Vanquished Creatures (others)
  An ufetubus (D:5)
1 creature vanquished.

Grand Total: 78 creatures vanquished

Notes
Turn   | Place    | Note
-------+----------+-------------------------------------------
     0 | D:1      | Glokmah the Human Summoner began the quest for the Orb.
     0 | D:1      | Reached XP level 1. HP: 13/13 MP: 3/3
   463 | D:1      | Reached XP level 2. HP: 9/19 MP: 3/5
   660 | D:1      | Learned a level 2 spell: Call Imp
  1276 | D:1      | Reached XP level 3. HP: 22/24 MP: 0/6
  1364 | D:1      | Learned a level 3 spell: Call Canine Familiar
  1426 | D:1      | Reached skill level 5 in Summonings
  2048 | D:2      | Identified the +6 hunting sling of the Five Geomancers
                  | {vorpal, Dex+5}
  2733 | D:2      | Reached XP level 4. HP: 30/30 MP: 7/7
  2873 | D:3      | Reached skill level 1 in Slings
  3026 | D:3      | Identified the ring "Yqeiqiy" {Ice Str+6 Dex+4}
  3224 | D:3      | Found a hide-covered altar of Uskayaw.
  3438 | D:4      | Reached XP level 5. HP: 35/35 MP: 8/8
  3460 | D:4      | Found a stormy altar of Qazlal.
  3562 | D:4      | Found a large runed translucent door.
  3563 | D:4      | Found a large runed translucent door.
  3575 | D:4      | Found a bloodstained altar of Trog.
  3579 | D:4      | Found a basalt altar of Yredelemnul.
  3623 | D:4      | Found a transporter.
  3623 | D:4      | Noticed Glokmah's ghost (amateur BaFE)
  3754 | D:4      | Found a transporter.
  4218 | D:5      | Entered Level 5 of the Dungeon
  4567 | D:5      | Found Gapul's Book Shop.
  4598 | D:5      | Noticed a phantom
  4601 | D:5      | Killed a phantom
  4602 | D:5      | Reached XP level 6. HP: 41/41 MP: 9/9
  4629 | D:5      | Learned a level 4 spell: Summon Lightning Spire
  4944 | D:5      | Found a staircase to the Ecumenical Temple.
  4952 | Temple   | Entered the Ecumenical Temple
  5073 | Temple   | Became a worshipper of Hepliaklqana the Forgotten
  5134 | D:5      | Found a radiant altar of Vehumet.
  5481 | D:6      | Mangled by a wight

Illustrated notes

Levels and vault maps discovered:
D:1:      dpeg_arrival_lava_temple_mockup, layout_basic, minmay_strange_pillars
D:2:      layout_basic
D:3:      layout_loops_ring, lemuel_tele_altar
D:4:      layout_cave_pods, grunt_qazlal_clouds, jmf_multi_god_temple2,
          gammafunk_ghost_mausoleum
D:5:      layout_basic, fiery_altar_vehumet, minmay_temple_entry_hall,
          minmay_shop_grid_forest
D:6:      layout_layer_cave, serial_shops, nicolae_shop_waterfront, uniq_pikel
Temple:   compressed_dpeg_circular_temple

Skill      XL: |  1  2  3  4  5 |
---------------+----------------+-----
Summonings     | 5 |  5.9
Slings         | 1 3 |  3.5
Dodging        | |  2.0
Stealth        | |  2.0
Spellcasting   | |  2.0

Action                   |  1- 3 |  4- 6 || total
-------------------------+-------+-------++-------
Melee: Whip              |    36 |       ||    36
       Short sword       |    36 |       ||    36
 Fire: Hunting sling     |    20 |    74 ||    94
 Cast: Summon Small Mamm |     8 |       ||     8
       Call Imp          |    11 |     2 ||    13
       Call Canine Famil |       |     2 ||     2
  Use: Scroll            |       |    11 ||    11
       Potion            |       |     1 ||     1
 Stab: Sleeping          |     4 |       ||     4
Armor: Robe              |    18 |     8 ||    26
       Leather armour    |       |     2 ||     2
Dodge: Dodged            |    61 |    17 ||    78

Table legend: (Time is in decaauts)
 A = Elapsed time spent in this place.
 B = Non-inter-level travel time spent in this place.
 C = Inter-level travel time spent in this place.
 D = Time resting spent in this place.
 E = Time spent auto-exploring this place.
 F = Levels seen in this place.
 G = Mean time per level.
                   A        B        C        D        E       F      G
               +--------+--------+--------+--------+--------+-----+--------+
         Total |   5529 |   5242 |    287 |    533 |   3816 |   7 |  789.9 |
       Dungeon |   5398 |   5111 |    287 |    533 |   3762 |   6 |  899.7 |
        Temple |    130 |    130 |      0 |      0 |     54 |   1 |  130.0 |
               +--------+--------+--------+--------+--------+-----+--------+

Top non-repeatable levels by time:
     D:1: 1688 daAuts
     D:4: 1123 daAuts
     D:2: 1111 daAuts
     D:5: 801 daAuts
     D:3: 665 daAuts
  Temple: 130 daAuts
     D:6: 8 daAuts
